 Dungeon Sprint DCSS version 0.22.1-2-g9c5b331 (webtiles) character file.

4515 diana the Covert (level 10, -8/144 HPs)
             Began as a Kobold Enchanter on Dec 22, 2018.
             Was an Elder of Dithmenos.
             Killed by divine providence
             ... invoked by an orc priest
              (10 damage)
             ... in the Dungeon (Sprint III: "The Ten Rune Challenge").
             The game lasted 00:10:24 (979 turns).

diana the Covert (Kobold Enchanter)                  Turns: 979, Time: 00:10:25

Health: -8/144     AC: 25    Str: 13    XL:     10   Next: 66%
Magic:  23/23      EV:  3    Int: 16    God:    Dithmenos [****..]
Gold:   47         SH:  0    Dex: 15    Spells: 12/28 levels left

rFire    . . .     SeeInvis +   a - +1 dagger
rCold    . . .     Gourm    .   (shield restricted)
rNeg     + + +     Faith    .   (armour currently unavailable)
rPois    +         Spirit   .   (helmet currently unavailable)
rElec    .         Reflect  .   (cloak currently unavailable)
rCorr    .         Harm     .   (gloves currently unavailable)
MR       .....     NoTele   +   (boots currently unavailable)
Stlth    ..........             (no amulet)
HPRegen  0.34/turn              (no ring)
MPRegen  0.18/turn              (no ring)

@: mighty, berserking (expiring), tree-form, weakened, wreathed by umbra, very
quick
A: small, see invisible, carnivore, clumsy 1
a: Shadow Step, Renounce Religion


You were in the Dungeon.
You worshipped Dithmenos.
Dithmenos was greatly pleased with you.
You were completely stuffed.
You were a tree.
You visited 1 branch You collected 47 gold pieces.

Inventory:

Hand Weapons
 a - a +1 dagger (weapon)
 i - a +0 long sword of holy wrath
Missiles
 c - 7 tomahawks (quivered)
Armour
 b - a +0 robe
 k - a +0 cloak (melded)
 u - a +1 troll leather armour (melded) {Snorg}
Scrolls
 j - a scroll of blinking
 m - 2 scrolls of torment {unknown}
 n - 2 scrolls of identify {unknown}
 o - a scroll of remove curse {unknown}
 q - a scroll of enchant weapon {unknown}
Potions
 e - a potion of curing
 f - a potion of heal wounds
 g - a potion of haste
 h - 2 potions of magic
Miscellaneous
 t - a lightning rod (4/4)
Comestibles
 d - 4 rations
 v - a chunk of flesh


   Skills:
 + Level 8.3 Fighting
 + Level 13.4 Short Blades
 - Level 2.4 Dodging
 + Level 14.9 Stealth
 - Level 9.5 Spellcasting
 - Level 5.3 Conjurations
 - Level 9.2 Hexes
 + Level 6.3 Transmutations
 - Level 3.4 Ice Magic
 + Level 6.4 Earth Magic
 - Level 4.8 Invocations


You had 12 spell levels left.
You knew the following spells:

 Your Spells              Type           Power        Failure   Level  Hunger
a - Corona                Hex            #####..      1%          1    None
b - Ensorcelled Hibernat  Hex/Ice        ####..       1%          2    None
c - Confuse               Hex            #####...     1%          3    None
d - Tukima's Dance        Hex            #####...     1%          3    None
e - Dazzling Spray        Conj/Hex       ####..       1%          3    None
f - Petrify               Tmut/Erth      ####....     7%          4    ###....

Your spell library contained the following spells:

 Spells                   Type           Power        Failure   Level  Hunger
 Confusing Touch          Hex            #####.       1%          1    None
 Summon Guardian Golem    Hex/Summ       ###.....     4%          3    None
 Summon Small Mammal      Summ           #...         10%         1    None
 Yara's Violent Unravell  Hex/Tmut       ####......   11%         5    #####..
 Call Imp                 Summ           #.......     14%         2    None
 Metabolic Englaciation   Hex/Ice        ####......   21%         5    #####..
 Call Canine Familiar     Summ           #.......     28%         3    None
 Gell's Gravitas          Tloc           #.........   28%         3    None
 Summon Ice Beast         Ice/Summ       ##......     43%         4    ###....
 Summon Lightning Spire   Summ/Air       #.......     67%         4    ###....


Dungeon Overview and Level Annotations

Branches:
Dungeon (1/1)

Altars:
Cheibriados
Dithmenos
Elyvilon
Fedhas
Gozag
Hepliaklqana
Kikubaaqudgha
Makhleb
Nemelex Xobeh
Okawaru
Qazlal
Ru
Sif Muna
Trog
Uskayaw
Vehumet
Wu Jian
Xom
Yredelemnul
Zin
The Shining One
Beogh
Jiyva
Lugonu

Shops:
D *


Innate Abilities, Weirdness & Mutations

You are small and have problems with some larger weapons.
You are carnivorous and can eat meat at any time.
((You are partially covered in thin metallic scales. (AC +2)))
You have supernaturally acute eyesight. (SInv)
You are clumsy. (Dex -2)
((Your flesh is cold resistant. (rC+)))


Message History

You kill the orc warrior!
Dithmenos accepts your kill.
Your shadow sometimes tangibly mimics your actions.
The orc priest looks encouraged for a moment.
The orc warrior hits you from afar with a halberd.
* * * LOW HITPOINT WARNING * * *
You hit the orc warrior but do no damage.
You hit the orc warrior.
The orc warrior is lightly wounded.
The orc warrior hits you but does no damage.
The orc hits you but does no damage. x2
You hit the orc warrior.
The orc warrior is moderately wounded.
The orc priest calls down the wrath of Beogh upon you.
Beogh smites you!
* * * LOW HITPOINT WARNING * * *
The orc wizard hits you but does no damage.
The orc priest calls down the wrath of Beogh upon you.
Beogh smites you!
You die...

▓▓▓ ▓▓ ##.###############$ ##
#..#___#___#__#$#∩##$##$
#..#...#__)#._#$ow......
#..###'#'###)##o.oo....#
#..#..........#ooooo...$
...'.⌠........#o♣oo#
...#...######'#.##$$#
...#.⌠.#__#...#'#################
...#...#__#...#..≈§§'.#.'...'.#.#
...#'###__#...#.#§≈§#.#.#...##.#.
)..#.))#__#...'.#§§§#.#.#)).#.#.#
...#___#__'...#.#§§.#...#.).##.#.
▓▓▓▓▓▓▓▓▓▓▓▓▓▓▓▓▓▓▓▓▓▓▓▓▓▓▓▓#.#.#
* ##.#.


You could see 2 orc warriors, 2 orc priests, 2 orc wizards, a dart slug and 6
orcs.

Vanquished Creatures
  Snorg (D)
  A centaur warrior (D)
  2 unseen horrors (D)
  An orc sorcerer (D)
  A deep elf mage (D)
  A shadow (D)
  A spatial vortex (D)
  2 orc warriors (D)
  A necrophage (D)
  2 centaurs (D)
  An earth elemental (D)
  A water elemental (D)
  A jelly (D)
  Crazy Yiuf (D)
  An orc priest (D)
  A wizard (D)
  An orc wizard (D)
  A necromancer (D)
  A kobold demonologist (D)
  3 humans (D)
  An ooze (D)
  3 rats (D)
29 creatures vanquished.

Vanquished Creatures (others)
  2 draconian scorchers (D)
  6 hellions (D)
  3 yaktaurs (D)
11 creatures vanquished.

Grand Total: 40 creatures vanquished

Notes
Turn   | Place    | Note
-------+----------+-------------------------------------------
     0 | D        | diana the Kobold Enchanter began the quest for the Orb.
     0 | D        | Reached XP level 1. HP: 10/10 MP: 3/3
    37 | D        | Reached XP level 2. HP: 15/15 MP: 5/5
    44 | D        | Killed a yaktaur
    50 | D        | Learned a level 2 spell: Ensorcelled Hibernation
    62 | D        | Noticed Crazy Yiuf
    65 | D        | Killed Crazy Yiuf
    65 | D        | Reached skill level 5 in Stealth
    65 | D        | Reached XP level 3. HP: 19/19 MP: 6/8
    91 | D        | Reached skill level 6 in Stealth
    91 | D        | Reached XP level 4. HP: 14/24 MP: 0/9
   131 | D        | Killed a hellion
   132 | D        | Killed a hellion
   132 | D        | Killed a white draconian scorcher
   162 | D        | Killed a hellion
   163 | D        | Killed a hellion
   167 | D        | Killed a hellion
   169 | D        | Killed a hellion
   180 | D        | Killed a white draconian scorcher
   213 | D        | Gained mutation: You have a pair of small horns on your
                  | head. [potion of mutation]
   213 | D        | Gained mutation: You passively map a small area around you.
                  | [potion of mutation]
   214 | D        | Lost mutation: You have a pair of small horns on your head.
                  | [potion of mutation]
   214 | D        | Lost mutation: You passively map a small area around you.
                  | [potion of mutation]
   214 | D        | Gained mutation: You have a pair of small antennae on your
                  | head. [potion of mutation]
   214 | D        | Gained mutation: Your flesh is cold resistant. (rC+)
                  | [potion of mutation]
   214 | D        | Gained mutation: You are clumsy. (Dex -2) [potion of
                  | mutation]
   214 | D        | Gained mutation: You have an increased reservoir of magic.
                  | (+10% MP) [potion of mutation]
   215 | D        | Lost mutation: Your flesh is cold resistant. (rC+) [potion
                  | of mutation]
   215 | D        | Lost mutation: You are clumsy. (Dex -2) [potion of
                  | mutation]
   215 | D        | Lost mutation: You have an increased reservoir of magic.
                  | (+10% MP) [potion of mutation]
   215 | D        | Gained mutation: Your muscles are strong. (Str +2) [potion
                  | of mutation]
   215 | D        | Gained mutation: Your flesh is heat resistant. (rF+)
                  | [potion of mutation]
   216 | D        | Lost mutation: Your muscles are strong. (Str +2) [potion of
                  | mutation]
   216 | D        | Lost mutation: Your flesh is heat resistant. (rF+) [potion
                  | of mutation]
   216 | D        | Gained mutation: You have supernaturally acute eyesight.
                  | (SInv) [potion of mutation]
   216 | D        | Gained mutation: Potions are less effective at restoring
                  | your health. [potion of mutation]
   216 | D        | Gained mutation: You are partially covered in thin metallic
                  | scales. (AC +2) [potion of mutation]
   217 | D        | Lost mutation: You have a pair of small antennae on your
                  | head. [potion of mutation]
   217 | D        | Lost mutation: Potions are less effective at restoring your
                  | health. [potion of mutation]
   217 | D        | Gained mutation: You are clumsy. (Dex -2) [potion of
                  | mutation]
   217 | D        | Gained mutation: Your flesh is cold resistant. (rC+)
                  | [potion of mutation]
   223 | D        | Noticed a water elemental
   230 | D        | Killed a water elemental
   230 | D        | Reached skill level 5 in Short Blades
   230 | D        | Reached skill level 7 in Stealth
   230 | D        | Reached skill level 5 in Hexes
   230 | D        | Reached XP level 5. HP: 21/28 MP: 9/11
   260 | D        | Killed a yaktaur
   373 | D        | Learned a level 3 spell: Confuse
   375 | D        | Found a glowing silver altar of Zin.
   376 | D        | Found a glowing golden altar of the Shining One.
   376 | D        | Found a white marble altar of Elyvilon.
   376 | D        | Noticed a deep elf mage
   380 | D        | Killed a deep elf mage
   380 | D        | Reached skill level 10 in Stealth
   380 | D        | Reached XP level 6. HP: 32/32 MP: 11/16
   380 | D        | Reached XP level 7. HP: 36/36 MP: 12/18
   392 | D        | Found a radiant altar of Vehumet.
   393 | D        | Found a deep blue altar of Sif Muna.
   393 | D        | Found an ancient bone altar of Kikubaaqudgha.
   394 | D        | Reached skill level 11 in Stealth
   407 | D        | Learned a level 3 spell: Tukima's Dance
   410 | D        | Killed a yaktaur
   411 | D        | Learned a level 3 spell: Dazzling Spray
   416 | D        | Learned a level 4 spell: Petrify
   422 | D        | Found a hide-covered altar of Uskayaw.
   422 | D        | Found a roughly hewn altar of Beogh.
   422 | D        | Found an iron altar of Okawaru.
   422 | D        | Found a bloodstained altar of Trog.
   422 | D        | Found an ornate altar of the Wu Jian Council.
   422 | D        | Noticed a human
   422 | D        | Noticed a human
   425 | D        | Killed a human
   425 | D        | Reached skill level 1 in Fighting
   425 | D        | Reached skill level 10 in Short Blades
   425 | D        | Reached skill level 1 in Conjurations
   425 | D        | Reached skill level 1 in Transmutations
   425 | D        | Reached skill level 1 in Earth Magic
   426 | D        | Killed a human
   426 | D        | Reached XP level 8. HP: 45/45 MP: 20/20
   444 | D        | Found a basalt altar of Yredelemnul.
   444 | D        | Found a shadowy altar of Dithmenos.
   444 | D        | Found a sacrificial altar of Ru.
   467 | D        | Became a worshipper of Dithmenos the Shadowed
   538 | D        | Noticed a shadow
   540 | D        | Killed a shadow
   540 | D        | Reached skill level 12 in Stealth
   552 | D        | Found a blossoming altar of Fedhas.
   552 | D        | Found a stormy altar of Qazlal.
   553 | D        | Found a snail-covered altar of Cheibriados.
   553 | D        | Found a burning altar of Makhleb.
   553 | D        | Found a hazy altar of Hepliaklqana.
   553 | D        | Found a shimmering altar of Xom.
   553 | D        | Found an opulent altar of Gozag.
   553 | D        | Found a sparkling altar of Nemelex Xobeh.
   553 | D        | Found a corrupted altar of Lugonu.
   553 | D        | Found a viscous altar of Jiyva.
   576 | D        | Reached * piety under Dithmenos
   752 | D        | Noticed Snorg
   757 | D        | Killed Snorg
   757 | D        | Reached skill level 5 in Fighting
   757 | D        | Reached skill level 13 in Stealth
   757 | D        | Reached skill level 5 in Conjurations
   757 | D        | Reached XP level 9. HP: 55/55 MP: 16/22
   808 | D        | Noticed a centaur warrior
   810 | D        | Reached ** piety under Dithmenos
   810 | D        | Reached skill level 1 in Invocations
   822 | D        | Killed a centaur warrior
   822 | D        | Reached XP level 10. HP: 57/61 MP: 10/23
   904 | D        | Noticed an unseen horror
   904 | D        | Noticed an unseen horror
   909 | D        | Killed an unseen horror
   909 | D        | Reached skill level 14 in Stealth
   909 | D        | Reached skill level 5 in Transmutations
   909 | D        | Reached skill level 5 in Earth Magic
   913 | D        | Killed an unseen horror
   913 | D        | Reached *** piety under Dithmenos
   937 | D        | Found Letezef's Assorted Antiques.
   938 | D        | Noticed an orc sorcerer
   948 | D        | Noticed an orange demon
   959 | D        | Killed an orc sorcerer
   976 | D        | Reached **** piety under Dithmenos
   979 | D        | HP: 2/144 [orc priest/divine providence (9)]
   979 | D        | Killed from afar by an orc priest

Skill      XL: |  1  2  3  4  5  6  7  8  9 10 |
---------------+-------------------------------+-----
Short Blades   | 2 4 5 9 10 11 12 13 | 13.4
Stealth        | 5 6 7 10 11 13 14 | 14.9
Spellcasting   | 3 4 7 8 9 |  9.5
Hexes          | 4 5 7 8 9 |  9.2
Ice Magic      | 2 3 |  3.4
Fighting       | 2 5 6 8 |  8.3
Conjurations   | 2 5 |  5.3
Transmutations | 2 4 6 |  6.3
Earth Magic    | 2 4 6 |  6.4
Invocations    | 3 4 |  4.8
Dodging        | |  2.4

Action                   |  1- 3 |  4- 6 |  7- 9 | 10-12 || total
-------------------------+-------+-------+-------+-------++-------
Melee: Dagger            |    20 |     9 |    31 |    43 ||   103
 Cast: Ensorcelled Hiber |     4 |       |    11 |       ||    15
       Dazzling Spray    |       |       |     6 |       ||     6
       Confuse           |       |       |     3 |       ||     3
  Use: Potion            |       |     6 |     1 |     5 ||    12
 Stab: Sleeping          |     3 |     1 |    10 |     3 ||    17
       Confused          |       |       |     1 |       ||     1
       Invisible         |       |       |     2 |       ||     2
  Eat: Chunk             |       |       |       |     9 ||     9
Armor: Robe              |     4 |     1 |       |       ||     5
       Troll leather arm |       |       |     4 |     1 ||     5
       Skin              |       |       |       |    53 ||    53
Dodge: Dodged            |    11 |     1 |    23 |    18 ||    53
